 Dungeon Crawl Stone Soup version 0.30-a0-12-gd8047c6341 (webtiles) character file.

Game seed: 5433038273976326510

66 Newt the Caller (level 3, -2/27 HPs)
             Began as a Demonspawn Gladiator on Aug 23, 2022.
             Slain by Natasha (6 damage)
             ... on level 3 of the Dungeon.
             The game lasted 00:02:38 (2429 turns).

Newt the Caller (Demonspawn Gladiator)              Turns: 2429, Time: 00:02:39

Health: -2/27      AC:  5    Str: 16    XL:     3   Next: 96%
Magic:  2/3        EV: 12    Int:  9    God:
Gold:   77         SH:  0    Dex: 14    Spells: 0/2 levels left

rFire   . . .      SeeInvis .    a - +1 rapier
rCold   . . .      Faith    .    (no shield)
rNeg    . . .      Spirit   .    b - +0 leather armour
rPois   .          Reflect  .    c - +0 helmet
rElec   .          Harm     .    (no cloak)
rCorr   .          Rampage  .    (no gloves)
Will    +....                    f - +0 pair of boots
Stlth   ++........               (no amulet)
HPRegen 0.09/turn                k - ring of willpower
MPRegen 0.08/turn                (no ring)

@: slowed, very slow
A: weakness stinger 1
a: no special abilities


You were on level 3 of the Dungeon.
You visited 1 branch of the dungeon, and saw 3 of its levels.

You collected 77 gold pieces.

Inventory:

Hand Weapons
 a - a +1 rapier (weapon)
Missiles
 d - a throwing net (quivered)
 e - a javelin
 g - a poisoned dart
Armour
 b - a +0 leather armour (worn)
 c - a +0 helmet (worn)
 f - a +0 pair of boots (worn)
Jewellery
 k - a ring of willpower (left hand)
 m - the ring "Lalleuhu" {rC+ Int+3 Dex+6}
   (You found it on level 2 of the Dungeon)

   [ring of dexterity]

   Int:       It affects your intelligence (+3).
   Dex:       It affects your dexterity (+6).
   rC:        It protects you from cold.
Potions
 h - a potion of curing
 i - a potion of berserk rage
 j - a potion of degeneration
 l - a potion of might
 n - a potion of invisibility {unknown}


   Skills:
 - Level 2.0 Fighting
 - Level 2.6 Short Blades
 - Level 1.7 Throwing
 - Level 2.6 Dodging
 - Level 2.0 Stealth
 + Level 2.8 Summonings


You couldn't memorise any spells.
You knew the following spells:

 Your Spells              Type           Power      Damage    Failure   Level
a - Call Imp              Summ           5%         N/A       24%         2

Your spell library contained the following spells:

 Spells                   Type           Power      Damage    Failure   Level
 Magic Dart               Conj           0%         1d3       45%         1
 Mephitic Cloud           Conj/Pois/Air  0%         N/A       83%         3


Dungeon Overview and Level Annotations

Branches:
Dungeon (3/15)

Altars:
Kikubaaqudgha

Annotations:
D:3 Natasha


Innate Abilities, Weirdness & Mutations

You have a small tail.


Message History

Throw: 2 darts (poison)
Press: ? - help, Shift-Dir - straight line, f - Natasha
Aim: Natasha (51% to hit)
You throw a poisoned dart. The poisoned dart hits Natasha.
Natasha is poisoned.
The crimson imp disappears in a puff of smoke!
Natasha claws you.
* * * LOW HITPOINT WARNING * * *
Throw: 3 throwing nets
Press: ? - help, Shift-Dir - straight line, f/p - Natasha
Aim: Natasha (lightly wounded, poisoned, 51% to hit)
You throw a throwing net.
The throwing net completely misses Natasha.
The throwing net barely misses the crimson imp.
Natasha claws you.
* * * LOW HITPOINT WARNING * * *
Throw: 2 throwing nets
Press: ? - help, Shift-Dir - straight line, f/p - Natasha
Aim: Natasha (moderately wounded, poisoned, 51% to hit)
You throw a throwing net. The throwing net hits Natasha.
Natasha is caught in the net!
Natasha is moderately wounded.
Natasha struggles against the net. x2
You hit Natasha but do no damage.
You tail-slap Natasha, but do no damage.
Natasha is lightly wounded.
The crimson imp lashes its tail.
The crimson imp blinks!
Natasha struggles against the net. x2
You hit Natasha. Your punch misses Natasha.
Natasha is moderately wounded.
The crimson imp disappears in a puff of smoke!
Natasha looks more healthy.
Natasha struggles against the net.
The net rips apart, and Natasha comes free!
Natasha barely misses you.
You hit Natasha.
Natasha is severely wounded.
Natasha barely misses you.
You barely miss Natasha.
Your tail-slap misses Natasha.
Natasha is severely wounded.
Natasha closely misses you. Natasha claws you.
You die...

#....##........
#....##...#####
#.†..##...#####
#........#.....
###...>.####.####
#####
#............#
#....
#.......######
#....####.......#
#(....(h@..........
#.....###...###+###
#......######
#.........####
#......._.#p##
#...5.....####
#..$h.########
........ ........


You could see Natasha.

Vanquished Creatures
  3 adders
  A worm (D:2)
  5 ball pythons
  An endoplasm (D:2)
  A giant cockroach (D:1)
  8 goblins
  3 hobgoblins (D:1)
  3 quokkas
  3 bats
  A frilled lizard (D:3)
  4 kobolds
  2 rats (D:2)
35 creatures vanquished.

Vanquished Creatures (others)
  A human (D:3)
1 creature vanquished.

Grand Total: 36 creatures vanquished

Notes
Turn   | Place    | Note
-------+----------+-------------------------------------------
     0 | D:1      | Newt the Demonspawn Gladiator began the quest for the Orb.
     0 | D:1      | Reached XP level 1. HP: 16/16 MP: 1/1
   146 | D:1      | Reached skill level 1 in Stealth
   348 | D:1      | Gained mutation: You have a small tail. [demonic ancestry]
   348 | D:1      | Reached XP level 2. HP: 21/22 MP: 2/2
   785 | D:1      | Reached skill level 1 in Summonings
  1122 | D:2      | Reached XP level 3. HP: 12/27 MP: 3/3
  1393 | D:2      | Learned a level 2 spell: Call Imp
  1418 | D:2      | Identified the ring "Lalleuhu" {rC+ Int+3 Dex+6}
  2245 | D:2      | Found a faded altar of an unknown god.
  2406 | D:3      | Found an ancient bone altar of Kikubaaqudgha.
  2407 | D:3      | Noticed a human
  2407 | D:3      | Noticed Natasha
  2409 | D:3      | Killed a human
  2429 | D:3      | Slain by Natasha

Illustrated notes

Levels and vault maps discovered:
D:1:      minmay_arrival_shattered_statue, layout_basic
D:2:      layout_basic, dilly_ecumenical_altar_fadedgnrine
D:3:      layout_basic, fedhas_altar_2, tgw_kikubaaqudgha, uniq_natasha

Skill      XL: |  1  2  3 |
---------------+----------+-----
Stealth        | 1 2 |  2.0
Summonings     | 1 2 |  2.8
Fighting       | |  2.0
Short Blades   | |  2.6
Throwing       | |  1.7
Dodging        | |  2.6

Action                   || total
-------------------------++-------
Melee: Rapier            ||   108
       Tailslap          ||    10
Throw: Throwing net      ||     2
       Dart              ||     1
  Use: Scroll            ||     8
       Potion            ||     1
 Stab: Sleeping          ||     5
Armor: Leather armour    ||    31
Dodge: Dodged            ||    52

Table legend: (Time is in decaauts)
 A = Elapsed time spent in this place.
 B = Non-inter-level travel time spent in this place.
 C = Inter-level travel time spent in this place.
 D = Time resting spent in this place.
 E = Time spent auto-exploring this place.
 F = Levels seen in this place.
 G = Mean time per level.
                   A        B        C        D        E       F      G
               +--------+--------+--------+--------+--------+-----+--------+
         Total |   2437 |   2389 |     48 |    285 |   1805 |   3 |  812.3 |
       Dungeon |   2437 |   2389 |     48 |    285 |   1805 |   3 |  812.3 |
               +--------+--------+--------+--------+--------+-----+--------+

Top non-repeatable levels by time:
     D:2: 1474 daAuts
     D:1: 866 daAuts
     D:3: 96 daAuts
